 Dungeon Crawl Stone Soup version 0.24-a0-537-g2d01d4ab0a (webtiles) character file.

Game seed: 2659411542933127794

3660 DasRunzen the Slinger (level 10, -23/68 HPs)
             Began as a Halfling Hunter on Aug 12, 2019.
             Was an Elder of Okawaru.
             Annihilated by a two-headed ogre
             ... wielding a +0 giant spiked club
              (32 damage)
             ... on level 7 of the Dungeon.
             The game lasted 00:22:52 (6416 turns).

DasRunzen the Slinger (Halfling Hunter)             Turns: 6416, Time: 00:22:53

Health: -23/68     AC:  7    Str: 11    XL:     10   Next: 34%
Magic:  14/14      EV: 20    Int:  9    God:    Okawaru [****..]
Gold:   315        SH:  3    Dex: 19    Spells: 9/9 levels left

rFire    + . .     SeeInvis .   a - +2 hunting sling
rCold    . . .     Gourm    .   (shield restricted)
rNeg     . . .     Faith    .   x - +2 leather armour {MR+}
rPois    +         Spirit   .   (no helmet)
rElec    .         Reflect  +   b - +1 cloak
rCorr    .         Harm     .   (no gloves)
MR       +....                  (no boots)
Stlth    ++++......             l - +3 amulet of reflection
HPRegen  0.21/turn              p - ring of poison resistance
MPRegen  0.14/turn              z - ring of protection from fire

@: no status effects
A: small, mutation resistance 1, weak 1
a: Heroism, Renounce Religion


You were on level 7 of the Dungeon.
You worshipped Okawaru.
Okawaru was greatly pleased with you.
You were not hungry.

You visited 2 branches of the dungeon, and saw 9 of its levels.

You collected 315 gold pieces.

Inventory:

Hand Weapons
 a - a +2 hunting sling (weapon)
 e - a +4 whip
 m - a +0 rapier
Missiles
 i - 135 stones (quivered)
Armour
 b - a +1 cloak (worn)
 x - a +2 leather armour of magic resistance (worn)
Jewellery
 l - a +3 amulet of reflection (around neck)
 p - a ring of poison resistance (left hand)
 y - an uncursed ring of wizardry
 z - a ring of protection from fire (right hand)
 D - the ring of Zuqupn {Wiz rElec rF- Str+5}
   (You found it on level 7 of the Dungeon)

   [ring of wizardry]

   It improves your spell success rate.
   It affects your strength (+5).
   It makes you vulnerable to fire.
   It insulates you from electricity.
Wands
 s - a wand of paralysis (6)
 A - a wand of flame (24)
 F - a wand of digging (3)
 G - a wand of disintegration (7)
Scrolls
 j - 4 scrolls of remove curse
 v - 2 scrolls of teleportation
 B - a scroll of fear
 C - 2 scrolls of amnesia
 H - a scroll of blinking
Potions
 c - 3 potions of lignification {unknown}
 g - a potion of resistance
 h - 3 potions of haste
 k - a potion of ambrosia
 n - 2 potions of invisibility {unknown}
 o - a potion of flight {unknown}
 q - 4 potions of degeneration {unknown}
 r - 2 potions of heal wounds {unknown}
 t - a potion of curing {unknown}
 u - a potion of agility {unknown}
 w - a potion of might {unknown}
Comestibles
 f - 12 rations
 E - 3 chunks of flesh


   Skills:
 + Level 6.2 Fighting
 + Level 10.8 Slings
 + Level 7.5 Dodging
 + Level 7.8 Stealth
 + Level 5.9 Invocations


You had 9 spell levels left.
You didn't know any spells.
Your spell library contained the following spells:

 Spells                   Type           Power        Failure   Level  Hunger
 Flame Tongue             Conj/Fire      #....        47%         1    ##.....
 Throw Flame              Conj/Fire      #.....       63%         2    ###....
 Conjure Flame            Conj/Fire      #.......     85%         3    ####...
 Inner Flame              Hex/Fire       #.......     85%         3    ####...
 Sticky Flame             Conj/Fire      #.......     99%         4    #####..
 Fireball                 Conj/Fire      #.........   100%        5    ######.


Dungeon Overview and Level Annotations

Branches:
Dungeon (8/15)             Temple (1/1) D:4
   Lair: D:8-11

Altars:
Ashenzari
Cheibriados
Dithmenos
Elyvilon
Fedhas
Gozag
Hepliaklqana
Kikubaaqudgha
Makhleb
Nemelex Xobeh
Okawaru
Qazlal
Ru
Sif Muna
Trog
Uskayaw
Vehumet
Wu Jian
Xom
Yredelemnul
Zin
The Shining One

Shops:
D:4 !   D:5 =

Annotations:
D:5 5 runed translucent doors
D:8 3 runed translucent doors, Grum; devtcp's ghost, novice DEWz


Innate Abilities, Weirdness & Mutations

You are small and have problems with some larger weapons.
You are somewhat resistant to further mutation.
You are weak. (Str -2)


Message History

You shoot a stone. The stone hits the two-headed ogre!
The two-headed ogre is lightly wounded.
You block the orc wizard's attack.
The two-headed ogre closely misses you. x2
Firing (i - inventory)
i - 137 stones (quivered)
Press: ? - help, Shift-Dir - straight line, f/p - two-headed ogre
Aim: a two-headed ogre, wielding two +0 giant spiked clubs (lightly wounded)
You shoot a stone. The stone hits the two-headed ogre!
The two-headed ogre is moderately wounded.
You block the orc wizard's attack.
Firing (i - inventory)
i - 136 stones (quivered)
Press: ? - help, Shift-Dir - straight line, f/p - two-headed ogre
Aim: a two-headed ogre, wielding two +0 giant spiked clubs (moderately wounded)
You shoot a stone.
The stone completely misses the two-headed ogre.
The stone completely misses the orc.
The orc wizard gestures at you while chanting.
The puff of flame hits you. You resist.
* * * LOW HITPOINT WARNING * * *
The two-headed ogre hits you with a +0 giant spiked club!!
You die...

###.###..### #######.....##.#..
##..###.## #####..#...( #..###..#
##...... ..## #.## #####.. .##
#.# ### .# ###.# .###...#
.....############################
.........(....oO@o...............
...##############################
####


You could see a two-headed ogre, an orc wizard and an orc.

Vanquished Creatures
  Sigmund (D:4)
  A yak (D:7)
  A steam dragon (D:7)
  Menkaure (D:4)
  A porcupine (D:8)
  2 orc warriors (D:7)
  3 ice beasts
  3 sky beasts (D:6)
  2 phantoms
  A necrophage (D:5)
  5 ogres
  2 wolves (D:7)
  A centaur (D:7)
  Blork the orc (D:6)
  3 bullfrogs
  2 scorpions
  2 crimson imps
  A howler monkey (D:7)
  A bullfrog zombie (D:7)
  A hound (D:6)
  2 bullfrog skeletons
  3 jellies
  4 orc priests
  4 orc wizards
  An iguana (D:8)
  5 worker ants
  4 gnolls (D:5)
  A howler monkey skeleton (D:5)
  12 adders
  An ooze (D:5)
  An adder skeleton (D:5)
  2 worms
  2 dart slugs
  7 leopard geckos
  16 orcs
  A ball python (D:1)
  11 bats
  7 giant cockroaches
  9 goblins
  7 hobgoblins
  15 jackals
  2 quokkas
  4 frilled lizards
  14 kobolds
  A quokka zombie (D:3)
  9 rats
180 creatures vanquished.

Notes
Turn   | Place    | Note
-------+----------+-------------------------------------------
     0 | D:1      | DasRunzen the Halfling Hunter began the quest for the Orb.
     0 | D:1      | Reached XP level 1. HP: 14/14 MP: 1/1
   113 | D:1      | Reached skill level 6 in Slings
   113 | D:1      | Reached XP level 2. HP: 15/19 MP: 2/2
   408 | D:1      | Reached XP level 3. HP: 23/24 MP: 3/3
   689 | D:1      | Gained mutation: You are weak. (Str -2) [potion of
                  | mutation]
   798 | D:2      | Reached XP level 4. HP: 30/30 MP: 4/4
  1386 | D:3      | Reached XP level 5. HP: 26/35 MP: 5/5
  1415 | D:3      | Noticed an orc warrior
  1726 | D:3      | Noticed a phantom
  1736 | D:3      | Killed a phantom
  1736 | D:3      | Reached skill level 7 in Slings
  1736 | D:3      | Reached XP level 6. HP: 28/42 MP: 6/6
  1899 | D:3      | HP: 2/42 [orc warrior/+0 dire flail (16)]
  2285 | D:3      | Found a faded altar of an unknown god.
  2737 | D:4      | Found a staircase to the Ecumenical Temple.
  2793 | D:4      | Noticed Sigmund
  2808 | D:4      | Killed Sigmund
  2808 | D:4      | Reached XP level 7. HP: 32/47 MP: 7/7
  2832 | Temple   | Entered the Ecumenical Temple
  2841 | Temple   | Became a worshipper of Warmaster Okawaru
  2938 | D:4      | Noticed Menkaure
  2943 | D:4      | Killed Menkaure
  2943 | D:4      | Reached skill level 8 in Slings
  2943 | D:4      | Reached skill level 1 in Invocations
  3296 | D:4      | Reached * piety under Okawaru
  3296 | D:4      | Reached XP level 8. HP: 54/54 MP: 9/9
  3369 | D:4      | Reached skill level 5 in Dodging
  3431 | D:4      | Found a shadowy altar of Dithmenos.
  3439 | D:4      | Reached skill level 5 in Stealth
  3656 | D:4      | Found Zunauwaw's Distillery.
  3970 | D:5      | Entered Level 5 of the Dungeon
  4172 | D:5      | Found the +9 staff of Olgreb {rPois}
  4176 | D:5      | Found a runed translucent door.
  4184 | D:5      | Found a runed translucent gate.
  4184 | D:5      | Found a runed translucent gate.
  4185 | D:5      | Found a runed translucent door.
  4195 | D:5      | Found a runed translucent gate.
  4357 | D:5      | Reached skill level 9 in Slings
  4506 | D:5      | Found Mofuar's Jewellery Boutique.
  4893 | D:6      | Reached ** piety under Okawaru
  4909 | D:6      | Reached XP level 9. HP: 45/60 MP: 11/11
  4923 | D:6      | Found a white marble altar of Elyvilon.
  4946 | D:6      | Reached skill level 5 in Fighting
  5041 | D:6      | Noticed Blork the orc
  5049 | D:6      | Killed Blork the orc
  5278 | D:6      | You fall into a shaft and drop 1 floor!
  5311 | D:7      | Reached *** piety under Okawaru
  5483 | D:7      | Reached skill level 10 in Slings
  5618 | D:7      | Reached skill level 5 in Invocations
  5622 | D:7      | Received a gift from Okawaru
  5622 | D:7      | Reached XP level 10. HP: 52/68 MP: 13/13
  5643 | D:7      | Got a translucent jade ring
  5869 | D:7      | Identified the ring of Zuqupn {Wiz rElec rF- Str+5} (You
                  | found it on level 7 of the Dungeon)
  5911 | D:8      | Found a runed translucent gate.
  5911 | D:8      | Found a runed translucent gate.
  5912 | D:8      | Found a runed translucent gate.
  5928 | D:8      | Noticed devtcp's ghost (novice DEWz)
  5984 | D:8      | Noticed Grum
  6000 | D:7      | Reached **** piety under Okawaru
  6392 | D:8      | Received a gift from Okawaru
  6408 | D:8      | Noticed a two-headed ogre
  6416 | D:7      | Annihilated by a two-headed ogre

Levels and vault maps discovered:
D:1:      lightli_arrival_flooded_house, layout_basic
D:2:      layout_basic
D:3:      layout_loops_ring, serial_rivers, chequers_serial_rivers_micro_e,
          chequers_serial_rivers_micro_b, chequers_serial_rivers_micro_b,
          chequers_serial_rivers_micro_b, chequers_serial_rivers_micro_a,
          chequers_ecumenical_altar_simple
D:4:      layout_loops_ring, minmay_temple_entry_gardened_gates, serial_shops,
          shop, first_ration, grunt_dithmenos_smoke_and_mirrors, uniq_menkaure,
          uniq_sigmund
D:5:      layout_cave_pods, serial_shops, nicolae_shop_waterfront,
          minmay_guarded_unrand_staff_of_olgreb
D:6:      layout_loops_cross, elyvilon_altar_5, uniq_blork_the_orc
D:7:      layout_rooms
D:8:      layout_rooms, grunt_lair_entry_orc_guard_hut,
          gammafunk_ghost_necromancy, grunt_livestock,
          nicolae_tso_carved_into_rock, uniq_grum
Temple:   grunt_wide_crystal_templ

Skill      XL: |  1  2  3  4  5  6  7  8  9 10 |
---------------+-------------------------------+-----
Slings         | 6 7 8 9 10 | 10.8
Fighting       | 2 3 4 5 6 |  6.2
Stealth        | 2 3 4 5 7 |  7.8
Dodging        | 3 4 5 6 7 |  7.5
Invocations    | 1 3 5 |  5.9

Action                   |  1- 3 |  4- 6 |  7- 9 | 10-12 || total
-------------------------+-------+-------+-------+-------++-------
Melee: Whip              |       |     2 |       |       ||     2
 Fire: Hunting sling     |   110 |   170 |   390 |   114 ||   784
  Use: Scroll            |     4 |     9 |     2 |     1 ||    16
       Potion            |     1 |       |       |       ||     1
  Eat: Chunk             |       |     5 |     9 |     2 ||    16
Armor: Leather armour    |     8 |     6 |    21 |    13 ||    48
Dodge: Dodged            |    23 |    31 |    67 |    94 ||   215
Block: Other             |       |       |    10 |    11 ||    21

Table legend:
 A = Non-vault XP
 B = Vault XP
 C = Vault XP percentage of total XP
 D = Non-vault monster count
 E = Vault monster count
 F = Vault count percentage of total count
                 A         B        C        D         E       F
            +---------+---------+-------+---------+---------+-------
      Total |    4054 |    1175 |  22.5 |     172 |       8 |   4.4
            +---------+---------+-------+---------+---------+-------
        D:1 |      60 |       0 |   0.0 |      36 |       0 |   0.0
        D:2 |      90 |       0 |   0.0 |      24 |       0 |   0.0
        D:3 |     260 |       0 |   0.0 |      24 |       0 |   0.0
        D:4 |     528 |     399 |  43.0 |      25 |       2 |   7.4
        D:5 |     568 |       0 |   0.0 |      17 |       0 |   0.0
        D:6 |     918 |      94 |   9.3 |      16 |       1 |   5.9
        D:7 |    1472 |     441 |  23.1 |      26 |       3 |  10.3
        D:8 |     158 |     241 |  60.4 |       4 |       2 |  33.3
            +---------+---------+-------+---------+---------+-------
